 Dungeon Crawl Stone Soup version 0.17-a0-1667-g4ca74a1 (webtiles) character file.

5338 Grimur the Fighter (level 10, -1/93 (94) HPs)
             Began as a Minotaur Berserker on Aug 17, 2015.
             Was an Elder of Trog.
             Slain by a killer bee (6 damage)
             ... on level 12 of the Dungeon.
             The game lasted 00:38:57 (8277 turns).

Grimur the Fighter (Minotaur Berserker)             Turns: 8277, Time: 00:38:57

HP:   -1/93 (94)    AC: 16    Str: 29    XL:     10   Next: 38%
MP:   9/9           EV: 11    Int:  4    God:    Trog [****..]
Gold: 378           SH:  0    Dex: 11    Spells: 0 memorised, 9 levels left

rFire  + . .     SeeInvis .     b - +0 battleaxe
rCold  x . .     Clarity  .     l - +2 plate armour
rNeg   . . .     SustAt   .     (no shield)
rPois  .         Gourm    .     (helmet restricted)
rElec  .         Spirit   .     (no cloak)
rCorr  .         Warding  .     (no gloves)
rMut   .         Stasis   .     (no boots)
MR     ++...                    (no amulet)
Stlth  ..........               q - ring of fire
                                i - ring of stealth

@: mighty, exhausted, regenerating, slowed, very slow, very resistant to hostile
enchantments, extremely unstealthy
A: retaliatory headbutt, horns 2
a: Burn Spellbooks, Berserk, Trog's Hand, Brothers in Arms, Renounce Religion


You were on level 12 of the Dungeon.
You worshipped Trog.
Trog was greatly pleased with you.
You were hungry.

You visited 2 branches of the dungeon, and saw 11 of its levels.

You collected 378 gold pieces.

Inventory:

Hand weapons
 b - a +0 battleaxe (weapon)
 o - a +0 war axe
 t - a +0 morningstar
Missiles
 e - 8 steel javelins (quivered)
Armour
 l - a +2 plate armour (worn)
Jewellery
 i - a ring of stealth (left hand)
 q - a ring of fire (right hand)
 u - an uncursed ring of protection from fire
Magical devices
 n - a wand of magic darts (0)
Scrolls
 d - 3 scrolls of remove curse
 f - 3 scrolls of magic mapping
 g - 6 scrolls of identify
 s - a scroll of recharging
Potions
 k - 2 potions of might
 m - a potion of cancellation
 p - a potion of agility
 v - a potion of berserk rage
Comestibles
 a - a slice of pizza
 c - a bread ration
 h - 3 meat rations
 j - 6 fruits
 w - 2 chunks of flesh


   Skills:
 * Level 10.3 Fighting
 * Level 10.1(10.3) Axes
 - Level 3.1(7.1) Maces & Flails
 * Level 9.9 Armour
 - Level 7.1 Dodging


You had 9 spell levels left.
You didn't know any spells.

Dungeon Overview and Level Annotations

Branches:
Dungeon (12/15)            Temple (1/1) D:6
   Lair: D:8-11         Orc: D:9-12

Altars:
Ashenzari
Cheibriados
Dithmenos
Elyvilon
Fedhas
Gozag
Kikubaaqudgha
Makhleb
Nemelex Xobeh
Okawaru
Qazlal
Ru
Sif Muna
Trog
Vehumet
Xom
Yredelemnul
Zin
The Shining One


Innate Abilities, Weirdness & Mutations

You reflexively headbutt those who attack you in melee.
You have a pair of horns on your head.


Message History

You furiously retaliate!
You headbutt the killer bee!
You kill the killer bee!
Trog accepts your kill.
The killer bee stings you but does no damage. x3
You hear some strange, mumbled words.
Something tries to affect you, but you resist.
The killer bee barely misses you. The killer bee completely misses you.
A hill giant comes into view. It is wielding a giant club.
Use which ability? (? or * to list)
Your skin crawls.
You feel resistant to hostile enchantments.
You feel slightly more hungry.
The hill giant shouts!
The killer bee stings you but does no damage. x3
Something hits you but does no damage.
The killer bee stings you but does no damage.
The killer bee barely misses you. You furiously retaliate!
You headbutt the killer bee! Something hits you but does no damage.
The killer bee stings you.
You die...

...#*###...,*****,,,,,,,,*
...#*......,*##**,,,,,,,**
..p##......**#=***,,,,,,,*
...#.....#** ### ***,,,,**
...#....#* ####* **,,,,*
.......#* *##...### **,,**
......##*##.......###**,,*
..y..####.....#..y..###.**
.......p.....##.@{u...C.,*
..y.....p...###..y......**
...........###..........,*
...........#*#..##......**
.......#######..,*#####p,*
....#### *,#...,,****,,**
.....*******##..,,**,,,,,*
....,,,,,,,**#..,,**,,,,**
..,,,,,,,,,,***,,,**,,,,,*


You could see a purple ugly thing, a hill giant, a wizard (wandering) and 2
killer bees.

Vanquished Creatures
  Gastronok (D:8)
  A wizard (D:12)
  2 orc warriors
  3 ogres
  4 phantoms
  A necrophage (D:8)
  2 sky beasts
  A big kobold (D:8)
  A centaur (D:7)
  A giant frog (D:8)
  3 scorpions (D:8)
  12 killer bees
  9 wights
  5 crimson imps
  A jelly (D:5)
  2 orc wizards
  4 orc priests
  A giant frog skeleton (D:6)
  3 iguanas
  6 worker ants
  2 hound skeletons
  10 gnolls
  19 adders
  3 shadow imps
  An ooze (D:2)
  An adder skeleton (D:4)
  6 worms
  26 orcs
  2 ball pythons
  6 giant cockroaches
  6 goblins
  7 hobgoblins
  2 jackals (D:7)
  6 bats
  A giant cockroach zombie (D:6)
  3 giant geckos
  2 giant gecko skeletons (D:8)
  9 giant newts
  8 kobolds
  2 quokkas
  7 rats
192 creatures vanquished.

Notes
Turn   | Place    | Note
--------------------------------------------------------------
     0 | D:1      | Grimur the Minotaur Berserker began the quest for the Orb.
     0 | D:1      | Reached XP level 1. HP: 19/19 MP: 0/0
   400 | D:1      | Reached XP level 2. HP: 20/27 MP: 1/1
   619 | D:1      | Reached skill level 4 in Axes
   838 | D:2      | Acquired Trog's second power
   988 | D:2      | Found a burning altar of Makhleb.
   993 | D:2      | Reached XP level 3. HP: 28/33 MP: 2/2
  1000 | D:2      | Found a shadowy altar of Dithmenos.
  1005 | D:2      | Found a bloodstained altar of Trog.
  1014 | D:2      | Found a radiant altar of Vehumet.
  1354 | D:2      | Reached XP level 4. HP: 36/40 MP: 3/3
  2397 | D:3      | Reached XP level 5. HP: 47/47 MP: 4/4
  2409 | D:3      | Reached skill level 5 in Axes
  2751 | D:3      | Found a faded altar to an unknown god.
  3558 | D:4      | Noticed an ogre
  3568 | D:4      | Killed an ogre
  3568 | D:4      | Reached skill level 5 in Fighting
  3568 | D:4      | Reached XP level 6. HP: 4/56 MP: 5/5
  4298 | D:4      | Noticed an ogre
  4303 | D:4      | Killed an ogre
  4303 | D:4      | Reached skill level 5 in Armour
  4303 | D:4      | Reached XP level 7. HP: 60/62 MP: 6/6
  4593 | D:4      | Reached skill level 6 in Fighting
  4705 | D:5      | Entered Level 5 of the Dungeon
  4719 | D:5      | Acquired Trog's third power
  4719 | D:5      | Received a gift from Trog
  4748 | D:5      | Reached skill level 5 in Dodging
  5129 | D:5      | Found a sparkling altar of Nemelex Xobeh.
  5134 | D:5      | Reached XP level 8. HP: 66/71 MP: 7/7
  5270 | D:5      | Found a sacrificial altar of Ru.
  5270 | D:5      | Found a shattered altar of Ashenzari.
  5536 | D:6      | Reached skill level 7 in Fighting
  5790 | D:6      | Found a staircase to the Ecumenical Temple.
  5804 | Temple   | Entered the Ecumenical Temple
  6026 | D:6      | Reached skill level 1 in Maces & Flails
  6164 | D:6      | Found a deep blue altar of Sif Muna.
  7201 | D:8      | Reached skill level 8 in Fighting
  7211 | D:8      | Reached XP level 9. HP: 81/81 MP: 8/8
  7261 | D:8      | Noticed Gastronok
  7276 | D:8      | Killed Gastronok
  7276 | D:8      | Reached skill level 9 in Fighting
  7338 | D:8      | Reached XP level 10. HP: 86/92 MP: 9/9
  7769 | D:8      | Reached skill level 10 in Fighting
  8044 | D:9      | You fall through a shaft for 3 floors!
  8044 | D:12     | Noticed a wizard
  8044 | D:12     | Noticed a wizard
  8044 | D:12     | Noticed a wizard
  8051 | D:12     | Noticed a wizard
  8102 | D:12     | Noticed a wizard
  8108 | D:12     | Killed a wizard
  8108 | D:12     | Reached skill level 10 in Axes
  8255 | D:12     | Noticed a rakshasa
  8269 | D:12     | Noticed a wizard
  8270 | D:12     | Noticed a wizard
  8274 | D:12     | Noticed a purple ugly thing
  8275 | D:12     | HP: 2/93 [shadow imp/nerve-wracking pain (14)]
  8277 | D:12     | Noticed a hill giant
  8277 | D:12     | Slain by a killer bee

Vault maps used:
D:1:      saegor_arrival_simple_a
D:2:      grunt_temple_overflow_cloverleaf, grunt_ministairs_10,
          kennysheep_crisscross
D:3:      ecumenical_altar_1, grunt_ministairs_5, glass_columns_a
D:5:      gammafunk_temple_overflow_wave, first_bread,
          nemelex_xobeh_ov_fountains_minmay
D:6:      minmay_temple_entry_hall, basic_altar, st_stairs_12
D:8:      uniq_gastronok
D:9:      lemuel_ice_statue, erik_orc_1, uniq_erica
D:12:     minmay_tri_stars, serial_shops, shop
Temple:   nicolae_temple_god_jail

Action                   |  1- 3 |  4- 6 |  7- 9 | 10-12 || total
-------------------------+-------+-------+-------+-------++-------
Melee: Hand axe          |    70 |   174 |   209 |       ||   453
       Dire flail        |       |       |    36 |       ||    36
       Morningstar       |       |       |    27 |       ||    27
       War axe           |       |       |    23 |    50 ||    73
       Battleaxe         |       |       |       |    36 ||    36
Throw: Javelin           |       |       |    12 |    11 ||    23
Invok: Burn Spellbooks   |     1 |       |       |     1 ||     2
       Berserk           |       |     4 |     3 |     3 ||    10
       Trog's Hand       |       |     1 |       |     1 ||     2
Evoke: Wand              |       |       |     4 |       ||     4
  Use: Scroll            |     6 |       |     8 |     4 ||    18
       Potion            |     4 |     7 |     1 |     1 ||    13
  Eat: Chunk             |     1 |    10 |     7 |     6 ||    24
       Bread ration      |       |     1 |     1 |       ||     2
       Fruit             |       |       |     1 |       ||     1
